 Dungeon Crawl Stone Soup version 0.31-a0-152-g6aa68a64a1 (webtiles) character file.

Game seed: 9546460438970834290

138050 comborobin the Crack Shot (level 16, -15/101 HPs)
             Began as a Deep Elf Delver on June 10, 2023.
             Was the Champion of Cheibriados.
             Killed by a resonance strike
             ... invoked by Zenata
              (44 damage)
             ... on level 1 of the Elven Halls.
             The game lasted 00:45:32 (23071 turns).

comborobin the Crack Shot (Deep Elf Delver)        Turns: 23071, Time: 00:45:33

Health: -15/101    AC: 22    Str: 22    XL:     16   Next: 70%
Magic:  42/50      EV: 36    Int: 46    God:    Cheibriados [******]
Gold:   1596       SH:  5    Dex: 43    Spells: 29/33 levels left

rFire   + + +        a - +6 arbalest (drain)
rCold   . . .        (shield currently unavailable)
rNeg    . . .        I - +6 faerie dragon scales {rF+ Will+ rCorr Str-2 Slay+2}
rPois   +            P - +3 hat of Pondering {ponderous, Will+ MP+10 Int+5}
rElec   +            k - +0 cloak
rCorr   +            J - +1 pair of gloves
SInv    .            x - +1 pair of boots
Will    +++..        H - amulet "Dakisit" {Reflect Drain +Inv rElec Int+4 SH+5}
Stlth   +++++        o - +6 ring of dexterity
HPRegen 0.36/turn    s - ring "Bugarena" {Drain rPois rF++ MP+9 Int+4}
MPRegen 0.32/turn

%: reflection
@: very slow
A: no striking features
a: Renounce Religion, Evoke Invisibility, Bend Time, Temporal Distortion,
Slouch, Step From Time


You were on level 1 of the Elven Halls.
You worshipped Cheibriados.
Cheibriados was exalted by your worship.
You visited 5 branches of the dungeon, and saw 24 of its levels.

You collected 2161 gold pieces.
You spent 565 gold pieces at shops.

Inventory:

Hand Weapons
 a - a +6 arbalest of draining (weapon)
 b - a +1 longbow of flaming
 t - a +0 rapier
 T - a +0 arbalest
Missiles
 f - 121 poisoned darts
 u - 3 throwing nets
Armour
 k - a +0 cloak (worn)
 x - a +1 pair of boots (worn)
 C - the +0 leather armour of Nicwieg {Int+3 Dex+3}
   (You found it on level 6 of the Dungeon)

   Int:       It affects your intelligence (+3).
   Dex:       It affects your dexterity (+3).
 F - a +4 scale mail of willpower
 G - a +3 troll leather armour
 I - the +6 faerie dragon scales (worn) {rF+ Will+ rCorr Str-2 Slay+2}
   (You took it off the Enchantress on level 1 of the Depths)

   Str:       It affects your strength (-2).
   Slay:      It affects your accuracy & damage with ranged weapons and melee
   (+2).
   rF:        It protects you from fire.
   rCorr:     It protects you from acid and corrosion.
   Will:      It increases your willpower.
 J - a +1 pair of gloves (worn)
 P - the +3 hat of Pondering (worn) {ponderous, Will+ MP+10 Int+5}
   (You took it off Gastronok on level 1 of the Lair of Beasts)

   Int:       It affects your intelligence (+5).
   MP:        It affects your magic capacity (+10).
   Will:      It increases your willpower.
Jewellery
 g - a ring of willpower
 o - a +6 ring of dexterity (left hand)
 s - the ring "Bugarena" (right hand) {Drain rPois rF++ MP+9 Int+4}
   (You found it on level 2 of the Dungeon)

   [ring of magical power]

   Int:       It affects your intelligence (+4).
   rF:        It greatly protects you from fire.
   rPois:     It protects you from poison.
   MP:        It affects your magic capacity (+9).
   Drain:     It drains your maximum health when unequipped.
 D - a ring of positive energy
 H - the amulet "Dakisit" (around neck) {Reflect Drain +Inv rElec Int+4 SH+5}
   (You took it off a gnoll bouda on level 9 of the Dungeon)

   [amulet of reflection]

   It reflects blocked missile attacks.
   Int:       It affects your intelligence (+4).
   rElec:     It insulates you from electricity.
   +Inv:      It lets you turn invisible.
   Drain:     It drains your maximum health when unequipped.
   SH:        It affects your SH (+5).
 V - a ring of willpower
Wands
 c - a wand of polymorph (3)
 l - a wand of light (3)
 E - a wand of flame (38)
 M - a wand of paralysis (8)
 W - a wand of roots (4)
 Y - a wand of digging (2)
Scrolls
 d - 12 scrolls of identify
 e - 2 scrolls of teleportation
 j - 9 scrolls of magic mapping
 m - a scroll of fear
 n - 2 scrolls of enchant weapon
 y - 4 scrolls of silence
 z - 2 scrolls of enchant armour
 L - 4 scrolls of amnesia
 Q - 4 scrolls of blinking
 R - 2 scrolls of immolation
 S - 3 scrolls of poison
Potions
 h - a potion of attraction
 i - 3 potions of curing
 p - 6 potions of cancellation
 q - 6 potions of lignification
 r - 3 potions of enlightenment
 v - 2 potions of brilliance
 w - 6 potions of degeneration
 A - 7 potions of heal wounds
 B - 2 potions of might
 K - a potion of magic
 N - 3 potions of mutation
 O - 2 potions of berserk rage
 X - 2 potions of ambrosia
Miscellaneous
 Z - a tin of tremorstones (1/2)


   Skills:
 - Level 12.0 Fighting
 - Level 4.8 Short Blades
 + Level 23.1 Ranged Weapons
 - Level 5.0 Armour
 + Level 15.6 Dodging
 - Level 8.0 Stealth
 - Level 9.0 Spellcasting
 - Level 7.5 Translocations
 - Level 10.0 Invocations
 - Level 5.0 Evocations


You had 29 spell levels left.
You knew the following spells:

 Your Spells              Type           Power      Damage    Failure   Level
b - Blink                 Tloc           100%       N/A       1%          2
w - Passwall              Tmut/Erth      16%        N/A       2%          2

Your spell library contained the following spells:

 Spells                   Type           Power      Damage    Failure   Level
 Freeze                   Ice            80%        1d9       1%          1
 Sandblast                Erth           40%        2d10      1%          1
 Slow                     Hex            80%        N/A       1%          1
 Lesser Beckoning         Tloc           100%       N/A       1%          2
 Momentum Strike          Conj/Tloc      100%       3d10      1%          2
 Ensorcelled Hibernation  Hex/Ice        40%        N/A       2%          2
 Scorch                   Fire           40%        2d6       2%          2
 Static Discharge         Conj/Air       40%        2-4/arc   2%          2
 Confusing Touch          Hex            20%        N/A       4%          3
 Frozen Ramparts          Ice            40%        1d7       4%          3
 Hailstorm                Conj/Ice       20%        3d6       4%          3
 Spider Form              Tmut/Pois      20%        N/A       4%          3
 Stone Arrow              Conj/Erth      40%        3d9       4%          3
 Vampiric Draining        Necr           20%        2d7       4%          3
 Airstrike                Air            10%        2d(2-18)  16%         4
 Anguish                  Hex/Necr       10%        N/A       16%         4
 Animate Armour           Summ/Erth      40%        N/A       16%         4
 Flame Wave               Conj/Fire      20%        2d7       16%         4
 Summon Lightning Spire   Summ/Air       20%        N/A       16%         4
 Blade Hands              Tmut           10%        N/A       41%         5
 Starburst                Conj/Fire      10%        6d5       94%         6
 Summon Cactus Giant      Summ           10%        N/A       94%         6
 Haunt                    Necr/Summ      10%        N/A       100%        7
 Storm Form               Tmut/Air       10%        N/A       100%        7
 Maxwell's Capacitive Co  Air            10%        ∞         100%        8


Dungeon Overview and Level Annotations

Branches:
Dungeon (15/15)            Temple (0/1) D:7            Lair (5/5) D:9
  Swamp (0/4) Lair:3        Snake (0/4) Lair:2        Slime (0/5) Lair:5
    Orc (2/2) D:10            Elf (1/3) Orc:2        Vaults (0/5) D:14
 Depths (1/4) D:15

Altars:
Ashenzari
Cheibriados
Elyvilon
Jiyva

Shops:
D:1 (   D:3 ?(**   D:5 =   D:7 (   D:8 (   D:10 *[   D:13 :   Orc:2 =(![
Elf:1 :

Portals:
Trove: D:10 (give 2 scrolls of acquirement)

Annotations:
D:8 Erica, Maggie
D:9 4 exclusions
Elf:1 Zenata


Message History

Press: ? - help, Q - select action, (/) - cycle Shift-Dir - straight line, f/p - Zenata
Aim: Zenata, wielding a +4 lajatang and wearing a +3 leather armour of positive energy (lightly wounded, 81% to hit)
You shoot a bolt.
The bolt closely misses the +0 battleaxe of flaming.
The bolt hits Zenata!!
Zenata is moderately wounded.
Zenata casts a spell at you.
A blast of power from the earth and the +0 battleaxe of flaming strikes you!
The +0 battleaxe of flaming hits you!
Unknown command.
Casting: Blink (safe; 1% risk of failure)
Confirm with . or Enter, or press ? or * to list all spells.
You blink.
Fire: a) +6 arbalest (drain)
Press: ? - help, Q - select action, (/) - cycle Shift-Dir - straight line, f/p - Zenata
Aim: Zenata, wielding a +4 lajatang and wearing a +3 leather armour of positive energy (moderately wounded, 81% to hit)
You shoot a bolt.
The bolt hits the +0 battleaxe of flaming!
The +0 battleaxe of flaming is almost destroyed.
Zenata shouts, "I'll hammer you into slag!"
The +0 battleaxe of flaming hits you.
Unknown command.
Casting: Blink (safe; 1% risk of failure)
Confirm with . or Enter, or press ? or * to list all spells.
You blink.
Fire: a) +6 arbalest (drain)
Press: ? - help, Q - select action, (/) - cycle Shift-Dir - straight line, f - +0 battleaxe of flaming
Aim: a +0 battleaxe of flaming (almost destroyed, summoned, fast, 70% to hit)
You shoot a bolt.
The bolt barely misses the +0 battleaxe of flaming.
Zenata points at you and mumbles some strange words.
A blast of power from the earth and the +0 battleaxe of flaming strikes you!
* * * LOW HITPOINT WARNING * * *
Unknown command.
Casting: Blink (safe; 1% risk of failure)
Confirm with . or Enter, or press ? or * to list all spells.
You blink.
Zenata casts a spell at you.
A blast of power from the earth and the +0 battleaxe of flaming strikes you!
You die...

###'#####.....##.###.###.##
#.##. #.# ##.......### #.#
##.###'#'# #.# #....>....#
#.# ##'.....#
#.###.♣.....♣.# #.#
##.....# #..##.........#
#.# #.......
#.......♣.♣...# #.#
#....... #.###.........#
#.# ##....... #.#
#.♣..[..♣a## #.# ##'#.....#
#.#
#....<..).@###'###.##.....#
#.#
##.......##(#...#'#########
#.# ##.....####.§...## ##+#
###.### #.......#########
#.
####.#####................
#..
+......(.)........⌠.⌠..###
#..
####.######.....#.....##
#.. #.# ##'...##..∩..# #.#
#.# ##.######.....#


You could see Zenata and a +0 battleaxe of flaming (summoned, fast).

Vanquished Creatures
  the Enchantress (Depths:1)
  Gastronok (Lair:1)
  Kirke (Lair:4)
  A fire giant (D:15)
  A frost giant (Depths:1)
  2 deep elf sorcerers (Elf:1)
  3 spriggan defenders (Depths:1)
  Nessos (D:14)
  Josephine (Lair:4)
  An ice dragon (Depths:1)
  Fannar (Lair:2)
  7 hydras
  A vault guard (D:14)
  Erolcha (D:9)
  2 dancing weapons (Elf:1)
  A centaur warrior (D:13)
  6 boulder beetles
  2 catoblepae
  7 two-headed ogres
  14 death yaks
  2 spriggan air magi (Depths:1)
  2 tengu warriors
  Urug (D:10)
  A deep troll earth mage (Depths:1)
  5 orc high priests
  A vampire mage (Depths:1)
  A spriggan berserker (Depths:1)
  2 iron trolls (D:15)
  2 deep elf knights (Elf:1)
  A fire crab (shapeshifter) (D:15)
  5 skeletal warriors
  A deep troll (D:15)
  2 lindwurms
  2 orc knights (Orc:1)
  9 deep elf zephyrmancers (Elf:1)
  6 cyclopes
  12 deep elf pyromancers
  2 ugly things
  2 wolf spiders (Lair:5)
  2 orc sorcerers (Orc:2)
  28 elephants
  2 manticores
  9 black mambas
  A guardian serpent (Lair:5)
  4 gargoyles
  19 cane toads
  An unseen horror (D:13)
  A kobold demonologist (D:10)
  20 komodo dragons
  12 rime drakes
  3 tengu conjurers
  A tyrant leech (Lair:3)
  5 trolls
  2 polar bears
  6 hornets
  A wind drake (shapeshifter) (Elf:1)
  12 dream sheep
  25 blink frogs
  Sigmund (D:4)
  62 yaks
  2 slime creatures
  An air elemental (Elf:1)
  3 vampires
  5 wraiths
  A shadow (D:13)
  8 basilisks
  3 spriggans (Depths:1)
  17 wyverns
  A basilisk (shapeshifter) (D:10)
  10 steam dragons
  5 hogs (Lair:4)
  A human (shapeshifter) (D:15)
  Grum (D:8)
  2 redbacks (Lair:5)
  4 vampire mosquitoes (D:14)
  3 swamp worms (Lair:3)
  Menkaure (D:6)
  Edmund (D:4)
  3 wargs
  3 nagas (Lair:2)
  5 acid dragons
  24 water moccasins
  Duvessa (D:6)
  29 orc warriors
  7 black bears
  5 ogres
  10 ice beasts
  7 wolves
  3 centaurs
  28 kobold brigands
  Blork the orc (D:6)
  A gnoll sergeant (D:9)
  12 bullfrogs
  2 scorpions
  6 wights (D:9)
  Dowan (D:6)
  8 killer bees
  An electric eel (Lair:1)
  11 howler monkeys
  A lava snake (Lair:5)
  8 jellies
  6 hounds
  2 gnoll boudas
  33 orc priests
  4 iguanas
  Ijyb (D:5)
  2 sleepcaps
  38 orc wizards
  Terence (D:2)
  Robin (D:3)
  15 gnolls
  6 adders
  2 shadow imps (D:6)
  A white imp (D:6)
  An ufetubus (D:5)
  3 worms
  2 dart slugs
  65 orcs
  11 endoplasms
  5 giant cockroaches
  14 goblins
  8 hobgoblins
  4 quokkas
  8 ball pythons
  5 bats
  A frilled lizard (D:2)
  28 kobolds
  9 rats
853 creatures vanquished.

Vanquished Creatures (others)
  A kobold brigand (D:10)
1 creature vanquished.

Grand Total: 854 creatures vanquished

Notes
Turn   | Place    | Note
-------+----------+-------------------------------------------
     0 | D:5      | comborobin the Deep Elf Delver began the quest for the Orb.
     0 | D:5      | Reached XP level 1. HP: 13/13 MP: 3/3
     1 | D:6      | Noticed a scorpion
    27 | D:5      | Noticed a water moccasin
    35 | D:5      | Noticed Ijyb
    44 | D:5      | Killed a water moccasin
    45 | D:5      | Reached XP level 2. HP: 18/18 MP: 4/4
    45 | D:5      | Reached XP level 3. HP: 22/22 MP: 5/5
    45 | D:5      | Reached XP level 4. HP: 27/27 MP: 6/6
    51 | D:5      | Killed Ijyb
    64 | D:5      | Noticed an ice beast
    65 | D:5      | Reached XP level 5. HP: 31/31 MP: 7/7
    81 | D:5      | Killed an ice beast
   236 | D:5      | Reached skill level 5 in Dodging
   358 | D:4      | Reached XP level 6. HP: 25/36 MP: 8/8
   714 | D:4      | Found a broken altar of Ashenzari.
   800 | D:4      | Found a snail-covered altar of Cheibriados.
  1776 | D:4      | Noticed Sigmund
  1836 | D:3      | Found Hailafusch's Assorted Antiques.
  1982 | D:3      | Found Mehi's Assorted Antiques.
  2026 | D:3      | Noticed Robin
  2065 | D:3      | Found Qayll's Antique Weapon Emporium.
  2279 | D:3      | Killed Robin
  2366 | D:3      | Found Fecaapn's Magic Scroll Boutique.
  2727 | D:2      | Noticed Terence
  2740 | D:2      | Killed Terence
  2741 | D:2      | Reached skill level 1 in Ranged Weapons
  2957 | D:2      | Reached skill level 2 in Ranged Weapons
  3066 | D:2      | Reached skill level 3 in Ranged Weapons
  3433 | D:2      | Identified the ring "Bugarena" {Drain rPois rF++ MP+9
                  | Int+4}
  3516 | D:2      | Reached XP level 7. HP: 30/40 MP: 9/9
  3676 | D:3      | Bought a runed arbalest for 180 gold pieces
  4022 | D:1      | Found Uduyjues's Weapon Shop.
  4520 | D:4      | Became a worshipper of Cheibriados the Contemplative
  4689 | D:4      | Noticed Edmund
  4692 | D:4      | Killed Edmund
  4693 | D:4      | Reached skill level 5 in Ranged Weapons
  4698 | D:4      | Killed Sigmund
  4699 | D:4      | Reached skill level 6 in Ranged Weapons
  4789 | D:4      | Reached skill level 7 in Ranged Weapons
  5038 | D:5      | Found Iseinn's Jewellery Shoppe.
  5098 | D:5      | Reached XP level 8. HP: 37/45 MP: 10/10
  5102 | D:5      | Reached skill level 8 in Ranged Weapons
  5225 | D:5      | Learned a level 2 spell: Blink
  5523 | D:6      | Reached skill level 9 in Ranged Weapons
  5523 | D:6      | Reached skill level 1 in Spellcasting
  5550 | D:6      | Reached * piety under Cheibriados
  5551 | D:6      | Reached skill level 1 in Translocations
  5733 | D:6      | Noticed Blork the orc
  5737 | D:6      | Killed Blork the orc
  5875 | D:6      | Noticed Menkaure
  5877 | D:6      | Killed Menkaure
  5879 | D:6      | Noticed Duvessa
  5879 | D:6      | Noticed Dowan
  5893 | D:6      | Killed Duvessa
  5900 | D:6      | Killed Dowan
  5914 | D:6      | Identified the +0 leather armour of Nicwieg {Int+3 Dex+3}
  6132 | D:6      | Learned a level 2 spell: Passwall
  6210 | D:7      | Reached XP level 9. HP: 49/49 MP: 15/15
  6219 | D:7      | Reached skill level 1 in Invocations
  6696 | D:7      | Reached ** piety under Cheibriados
  6916 | D:7      | Reached skill level 10 in Ranged Weapons
  6933 | D:7      | Found a staircase to the Ecumenical Temple.
  7260 | D:7      | Found Voask's Antique Weapon Emporium.
  7379 | D:8      | Noticed Erica
  7400 | D:8      | Noticed Grum
  7410 | D:8      | Killed Grum
  7426 | D:8      | Reached skill level 5 in Spellcasting
  7636 | D:8      | Noticed Maggie
  7736 | D:8      | Found Guhaut's Weapon Emporium.
  7755 | D:8      | Reached skill level 11 in Ranged Weapons
  7763 | D:8      | Reached skill level 5 in Translocations
  8249 | D:9      | Reached *** piety under Cheibriados
  8328 | D:9      | Noticed a two-headed ogre
  8332 | D:9      | Killed a two-headed ogre
  8333 | D:9      | Reached XP level 10. HP: 54/54 MP: 21/21
  8371 | D:9      | Reached skill level 12 in Ranged Weapons
  8394 | D:9      | Noticed Erolcha
  8403 | D:9      | Noticed a cyclops
  8404 | D:9      | Noticed a tengu warrior
  8454 | D:9      | Reached skill level 5 in Invocations
  8685 | D:9      | Noticed a two-headed ogre
  8688 | D:9      | Killed a two-headed ogre
  8689 | D:9      | Reached skill level 13 in Ranged Weapons
  8696 | D:9      | Killed Erolcha
  8790 | D:9      | Killed a tengu warrior
  8791 | D:9      | Reached XP level 11. HP: 58/58 MP: 25/25
  8921 | D:9      | Reached skill level 14 in Ranged Weapons
  8921 | D:9      | Reached **** piety under Cheibriados
  9110 | D:9      | Identified the +0 ring mail of Zolebruf {+Inv Dex+2}
  9110 | D:9      | Identified the amulet "Dakisit" {Reflect Drain +Inv rElec
                  | Int+4 SH+5}
  9482 | D:9      | Found a staircase to the Lair.
  9703 | D:10     | Entered Level 10 of the Dungeon
  9797 | D:10     | Found a staircase to the Orcish Mines.
  9927 | D:10     | Reached skill level 15 in Ranged Weapons
  9938 | D:10     | Reached ***** piety under Cheibriados
 10057 | D:10     | Noticed a fire crab
 10060 | D:10     | a fire crab changed into a harpy
 10060 | D:10     | Noticed a harpy (shapeshifter)
 10061 | D:10     | a harpy changed into a shapeshifter
 10155 | D:10     | Found Baileycu's Antique Armour Shop.
 10162 | D:10     | Bought a pair of boots for 112 gold pieces
 10162 | D:10     | Bought a pair of gloves for 112 gold pieces
 10203 | D:10     | Reached skill level 1 in Armour
 10255 | D:10     | Noticed a two-headed ogre
 10258 | D:10     | Killed a two-headed ogre
 10322 | D:10     | Found Rowaawigh's Assorted Antiques.
 10443 | D:10     | Reached skill level 16 in Ranged Weapons
 10528 | D:10     | Noticed a two-headed ogre
 10531 | D:10     | Killed a two-headed ogre
 10534 | D:10     | Reached XP level 12. HP: 51/66 MP: 26/26
 10660 | D:10     | Found a portal to a secret trove of treasure.
 10790 | D:10     | Noticed a boulder beetle
 10795 | D:10     | Killed a boulder beetle
 10797 | D:10     | Noticed a two-headed ogre
 10801 | D:10     | Killed a two-headed ogre
 10815 | D:10     | Identified the +2 hand axe "Fuhioxon" {venom, +Blink rC+
                  | rN+ rCorr}
 11069 | D:11     | Reached ****** piety under Cheibriados
 11655 | D:11     | Reached skill level 17 in Ranged Weapons
 11659 | D:11     | Reached skill level 5 in Fighting
 11856 | D:10     | Noticed a two-headed ogre
 11864 | D:10     | Killed a two-headed ogre
 11897 | Orc:1    | Entered Level 1 of the Orcish Mines
 11897 | Orc:1    | Noticed Urug
 11905 | D:10     | Killed Urug
 11924 | Orc:1    | Noticed an orc high priest
 11945 | D:10     | Killed an orc high priest
 12082 | Orc:2    | Entered Level 2 of the Orcish Mines
 12220 | Orc:1    | Reached skill level 18 in Ranged Weapons
 12450 | Orc:2    | Noticed an orc high priest
 12453 | Orc:2    | Reached XP level 13. HP: 59/72 MP: 25/27
 12454 | Orc:2    | Reached skill level 10 in Dodging
 12531 | Orc:2    | Found a staircase to the Elven Halls.
 12768 | Orc:2    | Found Laset's Distillery.
 12768 | Orc:2    | Found Hoofuj's Armour Emporium.
 12769 | Orc:2    | Found Hyokeim's Weapon Shoppe.
 12773 | Orc:2    | Found Vaenk's Jewellery Shoppe.
 12958 | Lair:1   | Entered Level 1 of the Lair of Beasts
 12981 | Lair:1   | Reached skill level 5 in Evocations
 13177 | Lair:1   | Noticed Gastronok
 13185 | Lair:1   | Killed Gastronok
 13281 | Lair:1   | Reached skill level 19 in Ranged Weapons
 14153 | Lair:2   | Noticed Fannar
 14158 | Lair:2   | Found a staircase to the Snake Pit.
 14166 | Lair:2   | Killed Fannar
 14471 | Lair:2   | Reached XP level 14. HP: 83/83 MP: 29/29
 14952 | Lair:3   | Reached skill level 20 in Ranged Weapons
 15718 | Lair:3   | Found a staircase to the Swamp.
 15866 | Lair:4   | Noticed Josephine
 15870 | Lair:4   | Killed Josephine
 15940 | Lair:4   | Reached skill level 10 in Fighting
 16262 | Lair:4   | Noticed Kirke
 16424 | Lair:4   | Killed Kirke
 16425 | Lair:4   | Reached XP level 15. HP: 92/92 MP: 30/30
 16831 | Lair:5   | Entered Level 5 of the Lair of Beasts
 16895 | Lair:5   | Reached skill level 5 in Armour
 17427 | Lair:5   | Reached skill level 10 in Invocations
 17481 | Lair:5   | Found a viscous altar of Jiyva.
 17485 | Lair:5   | Found a staircase to the Slime Pits.
 18531 | D:12     | Reached skill level 21 in Ranged Weapons
 19755 | D:13     | Found Ijat Cif's Tiny Tomes.
 19883 | D:14     | Noticed Nessos
 19885 | D:14     | Killed Nessos
 19886 | D:14     | Reached skill level 22 in Ranged Weapons
 19991 | D:14     | Reached XP level 16. HP: 93/100 MP: 31/31
 20083 | D:14     | Found a gate to the Vaults.
 20418 | D:15     | Entered Level 15 of the Dungeon
 20604 | D:15     | Found a white marble altar of Elyvilon.
 20872 | D:15     | Found a staircase to the Depths.
 21265 | Depths:1 | Entered Level 1 of the Depths
 21265 | Depths:1 | Noticed the Enchantress
 21270 | Depths:1 | Killed the Enchantress
 21629 | Orc:2    | Bought a +1 pair of boots for 161 gold pieces
 21812 | Elf:1    | Entered Level 1 of the Elven Halls
 21820 | Elf:1    | Reached skill level 15 in Dodging
 21831 | Elf:1    | Found Ygeufrac's Vocational Training.
 22591 | Elf:1    | Reached skill level 23 in Ranged Weapons
 22639 | Elf:1    | Got the Catalogue of Amalgamated Fulmination
 22819 | Elf:1    | Noticed Zenata
 23071 | Elf:1    | Killed from afar by Zenata

Illustrated notes

Levels and vault maps discovered:
D:1:      psy_arrival_terrarium, layout_loops_cross, serial_aquarium,
          aquarium_bridge_straight [aquarium_subvault_bridge,
          aquarium_subvault_balcony, aquarium_subvault_bridge,
          aquarium_subvault_wall], aquarium_bridge_square
          [aquarium_subvault_wall, aquarium_subvault_wall,
          aquarium_subvault_bridge, aquarium_subvault_wall],
          aquarium_window_corner, aquarium_window_corner, aquarium_window_1,
          aquarium_view_2e, aquarium_balcony_1a, serial_shops,
          nicolae_shop_trees
D:2:      layout_basic, uniq_terence
D:3:      layout_loops_cross, serial_shops, shop, nicolae_shop_crystal,
          nicolae_shop_hallway_stairs, shop, uniq_robin
D:4:      layout_layer_cave, mainiacjoe_overflow_catch_the_wave,
          sigmund_edmund_badplayer, uniq_sigmund
D:5:      layout_basic, serial_shops, nicolae_shop_stone, minivault_1,
          grunt_ministairs_3, grunt_decor_junction, serial_bayou_pond_a,
          uniq_ijyb, uniq_edmund
D:6:      layout_basic, uniq_menkaure, uniq_blork_the_orc, uniq_duvessa
D:7:      layout_basic, temple_green, serial_shops, nicolae_lakefront_shop,
          serial_co_window_serial, co_window_paths_a, co_window_paths_a,
          co_window_cross_1, co_window_corner_a, co_window_corner_a,
          co_window_corner_a, co_window_corner_a, co_window_paths_a,
          co_window_corner_a, co_window_broadway_a, co_window_corner_ca,
          co_window_corner_cb, co_window_corner_b, co_window_unsneaky_path_e,
          glass_columns_c, glass_columns_a
D:8:      layout_gridville, serial_shops, shop, uniq_maggie, uniq_erica,
          uniq_grum
D:9:      nzn_winding_woodlands_cross [nzn_winding_woodlands_5x15_garden,
          nzn_winding_woodlands_5x15_longhouse, nzn_winding_woodlands_5x15_eye,
          nzn_winding_woodlands_5x15_jagged,
          nzn_winding_woodlands_15x15_killbox], layout_long_grid,
          david_lair_shrubbed, st_stairs_1, uniq_erolcha
D:10:     layout_roguey [special_room_kobold], minmay_orc_entry_temple_small,
          nicolae_trove_entry_diagonal, serial_shops,
          nicolae_shop_gibbet_a_chance,
          nicolae_shop_competitors_out_of_business, grunt_ministairs_11,
          minmay_pinched_square
D:11:     minmay_ice_pillars, layout_loops_corners
D:12:     layout_irregular_city
D:13:     layout_roguey, nicolae_shop_i_like_small_books_too
D:14:     layout_small_grid, david_vaults_5, onia_ninara_dug_in_and_dangerous,
          uniq_nessos
D:15:     grunt_enter_depths_giant_problem, layout_stronghold, elyvilon_altar_3,
          nicolae_concentric_dashed_squares_mild, chequers_serial_rivers_marsh
Lair:1:   layout_layer_cave, st_stairs_13, serial_bayou_shore_a,
          lemuel_fruit_tree, grunt_megastairs_1, infiniplex_staircase_pool_2,
          uniq_gastronok
Lair:2:   layout_chaotic_city, guppyfry_snake_entry_island, uniq_fannar
Lair:3:   layout_loops_ring, palyth_hydra_swamp_entry, infiniplex_staircase_pool
Lair:4:   layout_regular_city, chequers_serial_rivers_marsh,
          bobbens_dragon_lair_wall, uniq_kirke, uniq_josephine
Lair:5:   hangedman_lair_tendril_chambers, layout_gridlike,
          nicolae_slime_entry_field_trip, chequers_serial_rivers_micro_c
Orc:1:    layout_caves, uniq_urug
Orc:2:    st_orc_mages, layout_caves
Elf:1:    elf_arrival_001, layout_geoelf_diagonals, minmay_elf_sorcery,
          grunt_ministairs_10, nicolae_shop_vocational, uniq_zenata
Depths:1: layout_honeycomb, abyss_entry_flame_altar, grunt_hell_horde,
          serial_sigils, serial_sigils_hangedman_leer,
          serial_sigils_hangedman_quiver, serial_sigils_hangedman_carve,
          serial_sigils_hangedman_etch, serial_sigils_hangedman_quiver,
          serial_sigils_hangedman_scratch, kennysheep_generic_room_13,
          uniq_enchantress, uniq_mara

Skill      XL: |  1  2  3  4  5  6  7  8  9 10 11 12 13 14 15 16 |
---------------+-------------------------------------------------+-----
Short Blades   | 4 |  4.8
Dodging        | 3 5 6 9 10 12 14 15 | 15.6
Ranged Weapons | 3 7 9 11 13 16 18 19 20 22 23 | 23.1
Spellcasting   | 3 6 8 9 |  9.0
Translocations | 3 5 7 |  7.5
Evocations     | 3 5 |  5.0
Invocations    | 4 5 6 8 10 | 10.0
Fighting       | 4 5 7 10 11 12 | 12.0
Armour         | 2 4 5 |  5.0
Stealth        | 8 |  8.0

Action                     |  1- 3 |  4- 6 |  7- 9 | 10-12 | 13-15 | 16-18 || total
---------------------------+-------+-------+-------+-------+-------+-------++-------
  Melee: Unarmed           |     5 |    92 |       |       |       |       ||    97
         Rapier            |       |   158 |     5 |       |       |       ||   163
         Short sword       |       |    11 |       |       |       |       ||    11
         Punch             |       |     9 |     1 |       |       |       ||    10
   Fire: Arbalest          |       |       |   240 |   522 |   993 |    16 ||  1771
         Longbow           |       |       |       |       |    11 |   202 ||   213
   Cast: Blink             |       |       |       |    12 |    20 |     9 ||    41
 Invoke: Slouch            |       |       |       |     4 |       |     4 ||     8
         Temporal Distorti |       |       |       |       |       |     1 ||     1
  Evoke: Wand              |       |     7 |     4 |    13 |     1 |     2 ||    27
         Tin of tremorston |       |       |       |       |       |     1 ||     1
    Use: Scroll            |     3 |     2 |     5 |     6 |    12 |     4 ||    32
         Potion            |     1 |     2 |       |     4 |     1 |       ||     8
   Stab: Confused          |     1 |     2 |       |       |       |       ||     3
         Sleeping          |       |    14 |       |       |       |       ||    14
         Distracted        |       |     1 |       |       |       |       ||     1
 Armour: Skin              |       |    25 |       |       |       |       ||    25
         Leather armour    |       |    23 |     4 |       |       |       ||    27
         Animal skin       |       |     6 |    16 |       |       |       ||    22
         Steam dragon scal |       |       |     5 |    21 |       |       ||    26
         Troll leather arm |       |       |       |    37 |    55 |     7 ||    99
         Acid dragon scale |       |       |       |       |       |     2 ||     2
  Dodge: Dodged            |     2 |   205 |   129 |   276 |   508 |    66 ||  1186
  Block: Other             |       |       |       |    56 |    99 |    14 ||   169
         Reflection        |       |       |       |     6 |       |       ||     6

Table legend: (Time is in decaauts)
 A = Elapsed time spent in this place.
 B = Non-inter-level travel time spent in this place.
 C = Inter-level travel time spent in this place.
 D = Time resting spent in this place.
 E = Time spent auto-exploring this place.
 F = Levels seen in this place.
 G = Mean time per level.
                   A        B        C        D        E       F      G
               +--------+--------+--------+--------+--------+-----+--------+
         Total |  35225 |  31907 |   3318 |   2277 |  23887 |  24 | 1467.7 |
       Dungeon |  22166 |  19906 |   2260 |   1491 |  14959 |  15 | 1477.7 |
          Lair |   9270 |   8590 |    680 |    107 |   7000 |   5 | 1854.0 |
  Orcish Mines |   1680 |   1431 |    249 |    281 |    775 |   2 |  840.0 |
   Elven Halls |   1894 |   1782 |    112 |    353 |   1144 |   1 | 1894.0 |
        Depths |    214 |    198 |     16 |     44 |      8 |   1 |  214.0 |
               +--------+--------+--------+--------+--------+-----+--------+

Top non-repeatable levels by time:
     D:9: 2743 daAuts
    D:10: 2384 daAuts
  Lair:1: 2175 daAuts
     D:4: 1943 daAuts
  Lair:4: 1916 daAuts
    D:11: 1898 daAuts
   Elf:1: 1894 daAuts
  Lair:3: 1802 daAuts
    D:15: 1774 daAuts
  Lair:5: 1730 daAuts
  Lair:2: 1645 daAuts
     D:7: 1590 daAuts
    D:12: 1367 daAuts
    D:14: 1320 daAuts
     D:8: 1303 daAuts
